 Dungeon Crawl Stone Soup version 0.27.1-4-g1640c2035a (webtiles) character file.

Game seed: 6841500690504284146

7 ABBCCCDDDD the Sneak (level 2, -5/27 HPs)
             Began as a Hill Orc Delver on Nov 1, 2021.
             Slain by a bullfrog skeleton (6 damage)
             ... on level 4 of the Dungeon.
             The game lasted 00:01:02 (110 turns).

ABBCCCDDDD the Sneak (Hill Orc Delver)               Turns: 110, Time: 00:01:02

Health: -5/27      AC:  6    Str: 14    XL:     2   Next: 0%
Magic:  2/2        EV: 11    Int: 10    God:
Gold:   7          SH:  0    Dex: 12    Spells: 1/1 levels left

rFire    . . .     SeeInvis .   a - +0 hand axe
rCold    . . .     Faith    .   (no shield)
rNeg     + + .     Spirit   .   h - +3 leather armour of Kutilothrei {Contam +Blink rPois rN++}
rPois    +         Reflect  .   (no helmet)
rElec    .         Harm     .   (no cloak)
rCorr    .         Rampage  .   (no gloves)
Will     .....                  (no boots)
Stlth    ++........             (no amulet)
HPRegen  0.09/turn              (no ring)
MPRegen  0.08/turn              (no ring)

@: no status effects
A: no striking features
a: Evoke Blink


You were on level 4 of the Dungeon.
You visited 1 branch of the dungeon, and saw 2 of its levels.

You collected 7 gold pieces.

Inventory:

Hand Weapons
 a - a +0 hand axe (weapon)
Armour
 b - a +0 leather armour
 h - the +3 leather armour of Kutilothrei (worn) {Contam +Blink rPois rN++}
   (You found it on level 5 of the Dungeon)

   rPois:     It protects you from poison.
   rN:        It greatly protects you from negative energy.
   +Blink:    It lets you blink.
   Contam:    It causes magical contamination when unequipped.
Wands
 g - a wand of digging (3)
Scrolls
 c - a scroll of fog
Potions
 f - a potion of haste
 i - a potion of heal wounds {unknown}


   Skills:
 + Level 3.8 Fighting
 * Level 3.1 Axes
 + Level 0.5 Armour
 - Level 1.5 Dodging
 - Level 4.1 Stealth


You had one spell level left.
You didn't know any spells.
Your spell library was empty.

Dungeon Overview and Level Annotations

Branches:
Dungeon (5/15)
 Temple: D:4-7

Altars:


Message History

As you read the scroll of fear, it crumbles to dust.
You assume a fearsome visage.
The hound looks frightened!
The jackal looks frightened! x2
Found 24 stones.
A ball python comes into view.
Found a leather armour.
The ball python hisses angrily.
You hit the ball python.
The ball python is moderately wounded.
The ball python bites you.
* * * LOW HITPOINT WARNING * * *
The ball python grabs you. The ball python constricts you.
The ball python bites you.
* * * LOW HITPOINT WARNING * * *
The ball python constricts you.
* * * LOW HITPOINT WARNING * * *
You escape the ball python's grasp.
The jackal bites you but does no damage.
An orc comes into view. It is wielding a +0 club.
The jackal closely misses you.
Found 12 gold pieces.
You hit the jackal.
You kill the jackal!
Your Axes skill increases to level 3!
You hit the ball python.
You kill the ball python!
The jackal closely misses you.
You hit the jackal.
You kill the jackal!
You have reached level 2!
You start resting.
A bullfrog skeleton comes into view.
The bullfrog skeleton hits you.
* * * LOW HITPOINT WARNING * * *
You hear the slow rusting of a distant drain.
You completely miss the bullfrog skeleton.
The bullfrog skeleton closely misses you.
You hit the bullfrog skeleton but do no damage.
The bullfrog skeleton hits you.
You die...

###.#.#**,*,**,******,* *,*
.......,*,*,##.* *,******,*
......#,*,#.#..* *,,,,,**,*
......#,#.#$#.#* *****,**,****
###.#.#.#.#.#.# *,,,,,,,, #
#.#.#.#.#.#.# ****,***,
###.#.#(#...#.##########** *,* *,
...............Z........,* *,* **
###.#.#.#......#@######*+***,* *
.##.h...#.##...#.# *,,,**,* *
###.....#........# *,,,**,* *
#*#[............## *,,,**,* *
.*#######.##+#..# ***,**,* * ,*
#...,...#********,**,****
,*******##....#+#*,,,,,*,,,,,,,**
,*,,,,,,,*......,,,*,,,*,*,*,*,**
,*,,,,,,,*......,<,,,,,*,*,*,*,*


You could see a bullfrog skeleton.

Levels and vault maps discovered:
D:4:      layout_basic, gup_sewer_entry_bubbles
D:5:      layout_rooms, vehumet_altar_wand_db, nicolae_ossuary_entry_ruins

Notes
Turn   | Place    | Note
-------+----------+-------------------------------------------
     0 | D:5      | ABBCCCDDDD the Hill Orc Delver began the quest for the Orb.
     0 | D:5      | Reached XP level 1. HP: 19/19 MP: 1/1
    14 | D:5      | Identified the +3 leather armour of Kutilothrei {Contam
                  | +Blink rPois rN++}
    70 | D:4      | Noticed a hound
    86 | D:4      | HP: 1/20 [constriction (1)]
    95 | D:4      | Reached XP level 2. HP: 2/27 MP: 2/2
   107 | D:4      | HP: 1/27 [bullfrog skeleton (2)]
   110 | D:4      | Slain by a bullfrog skeleton

Table legend: (Time is in decaauts)
 A = Elapsed time spent in this place.
 B = Non-inter-level travel time spent in this place.
 C = Inter-level travel time spent in this place.
 D = Time resting spent in this place.
 E = Time spent auto-exploring this place.
 F = Levels seen in this place.
 G = Mean time per level.
                   A        B        C        D        E       F      G
               +--------+--------+--------+--------+--------+-----+--------+
         Total |    111 |    110 |      1 |      7 |     12 |   2 |   55.5 |
       Dungeon |    111 |    110 |      1 |      7 |     12 |   2 |   55.5 |
               +--------+--------+--------+--------+--------+-----+--------+

Top non-repeatable levels by time:
     D:5: 60 daAuts
     D:4: 51 daAuts

Table legend:
 A = Kills in this place as a percentage of kills in entire the game.
 B = Kills by you in this place as a percentage of kills by you in the entire game.
 C = Kills by friends in this place as a percentage of kills by friends in the entire game.
 D = Other kills in this place as a percentage of other kills in the entire game.
 E = Experience gained in this place as a percentage of experience gained in the entire game.
 F = Experience gained in this place divided by the number of levels of this place that you have seen.
                   A       B       C       D       E      F
               +-------+-------+-------+-------+-------+----------------------
         Total | 100.0 | 100.0 |   N/A |   N/A | 100.0 |   5.0
       Dungeon | 100.0 | 100.0 |   N/A |   N/A | 100.0 |   5.0
               +-------+-------+-------+-------+-------+----------------------

Action                   || total
-------------------------++-------
Melee: Hand axe          ||    14
  Use: Scroll            ||     2
Armor: Leather armour    ||    13
Dodge: Dodged            ||    15

Vanquished Creatures
  A ball python (D:4)
  4 jackals (D:4)
5 creatures vanquished.
